 Dungeon Crawl Stone Soup version 0.29-a0-757-g358383bc75 (webtiles) character file.

Game seed: 2176696828732620368

29 DuloT34 the Sneak (level 3, 0/20 HPs)
             Began as a Vine Stalker Delver on June 30, 2022.
             Slain by a black bear (1 damage)
             ... on level 5 of the Dungeon.
             The game lasted 00:00:48 (189 turns).

DuloT34 the Sneak (Vine Stalker Delver)              Turns: 189, Time: 00:00:49

Health: 0/20       AC:  3    Str: 16    XL:     3   Next: 16%
Magic:  0/4        EV: 11    Int: 10    God:
Gold:   60         SH:  0    Dex: 15    Spells: 2/2 levels left

rFire   . . .      SeeInvis .   a - +0 short sword
rCold   . . .      Faith    .   (no shield)
rNeg    . . .      Spirit   +   b - +0 leather armour
rPois   .          Reflect  .   (no helmet)
rElec   .          Harm     .   (no cloak)
rCorr   .          Rampage  .   (no gloves)
Will    .....                   (no boots)
Stlth   +++.......              (no amulet)
HPRegen 0.06/turn               (no ring)
MPRegen 0.09/turn               (no ring)

@: hasted, very quick
A: fangs 2, magic shield, antimagic bite, no potion heal 2
a: no special abilities


You were on level 5 of the Dungeon.
You visited 1 branch of the dungeon, and saw 2 of its levels.

You collected 60 gold pieces.

Inventory:

Hand Weapons
 a - a +0 short sword (weapon)
Armour
 b - a +0 leather armour (worn)
 j - a +0 helmet
Wands
 g - a wand of digging (3)
Scrolls
 c - a scroll of fog
 d - a scroll of magic mapping
 e - a scroll of fear
 i - a scroll of identify {unknown}
Potions
 h - a potion of curing {unknown}


   Skills:
 + Level 3.3 Fighting
 + Level 2.5 Short Blades
 - Level 1.5 Dodging
 - Level 6.0 Stealth


You had 2 spell levels left.
You didn't know any spells.
Your spell library was empty.

Dungeon Overview and Level Annotations

Branches:
Dungeon (5/15)
 Temple: D:4-7

Altars:
Ru
Sif Muna

Annotations:
D:5 Ijyb, Menkaure


Innate Abilities, Weirdness & Mutations

You have extremely sharp teeth.
When hurt, damage is shared between your health and your magic reserves.
Your bite disrupts and absorbs the magic of your enemies.
Potions cannot restore your health.


Message History

j - a +0 helmet The black bear growls angrily.
You start putting on your armour.
You continue putting on your +0 helmet. x2
Keep equipping yourself? [Y]es or [N]o only, please.
Keep equipping yourself? [Y]es or [N]o only, please.
Keep equipping yourself?
You stop putting on your armour.
A scorpion comes into view.
As you open the door, it creaks loudly!
You hear a shout!
The black bear closely misses you. The black bear claws you.
The black bear closely misses you.
The black bear attacks as you move away!
The black bear bites you! The black bear claws you. The black bear misses you.
There is an open door here.
You hit the black bear.
The black bear is lightly wounded.
The black bear bites you but does no damage.
The black bear barely misses you. The black bear claws you.
You hit the black bear but do no damage.
The black bear is lightly wounded.
Ijyb the Twisted Goblin comes into view.
She is wielding a +0 club, wearing a +2 leather armour of cold resistance and carrying a wand of iceblast (9).
The black bear bites you.
* * * LOW HITPOINT WARNING * * *
The black bear closely misses you. The black bear barely misses you.
Sorry, you're not good enough to have a special ability.
You feel yourself speed up. The black bear bites you.
* * * LOW HITPOINT WARNING * * *
The black bear claws you.
* * * LOW HITPOINT WARNING * * *
The black bear barely misses you.
You hit the black bear. Your bite misses the black bear.
The black bear is moderately wounded.
You hit the black bear.
You bite the black bear, but do no damage.
The black bear is heavily wounded.
The black bear bites you but does no damage.
The black bear claws you.
You die...

#M..[....# #### #
#.....s..# ..# .#
#.(......# #.####..###
........#####.#........
............gh@.......
#.........##..+####.
#....$....#####
#.............#._.
#.#############...###
#.#.#.. #≈≈≈#..
#)#.#.###### ...#.#
#.#.#..#...# _.#.#
#.#.#..#.#.######
.#.#.#


You could see a black bear and Ijyb.

Vanquished Creatures
  An iguana (D:5)
  An orc (D:4)
  An endoplasm (D:4)
3 creatures vanquished.

Notes
Turn   | Place    | Note
-------+----------+-------------------------------------------
     0 | D:5      | DuloT34 the Vine Stalker Delver began the quest for the
                  | Orb.
     0 | D:5      | Reached XP level 1. HP: 11/11 MP: 2/2
    17 | D:5      | Found a sacrificial altar of Ru.
    17 | D:5      | Found a shimmering blue altar of Sif Muna.
   160 | D:5      | Noticed an iguana
   167 | D:5      | Killed an iguana
   168 | D:5      | Reached XP level 2. HP: 16/16 MP: 3/3
   168 | D:5      | Reached XP level 3. HP: 20/20 MP: 4/4
   168 | D:5      | Noticed a black bear
   172 | D:5      | Noticed Menkaure
   173 | D:5      | Noticed a scorpion
   185 | D:5      | Noticed Ijyb
   186 | D:5      | HP: 1/20 [black bear (2)]
   189 | D:5      | Slain by a black bear

Illustrated notes

Levels and vault maps discovered:
D:4:      layout_basic, minmay_temple_entry_butterflies
D:5:      layout_basic, mainiacjoe_overflow_divided_tiny, serial_shops, shop,
          uniq_menkaure, uniq_prince_ribbit1, uniq_ijyb

Skill      XL: |  1 |
---------------+----+-----
Fighting       | 3 |  3.3
Short Blades   | 2 |  2.5
Dodging        | |  1.5
Stealth        | |  6.0

Action                   || total
-------------------------++-------
Melee: Short sword       ||    11
       Bite              ||     1
  Use: Potion            ||     1
 Stab: Sleeping          ||     3
Armor: Leather armour    ||     2
Dodge: Dodged            ||    11

Table legend: (Time is in decaauts)
 A = Elapsed time spent in this place.
 B = Non-inter-level travel time spent in this place.
 C = Inter-level travel time spent in this place.
 D = Time resting spent in this place.
 E = Time spent auto-exploring this place.
 F = Levels seen in this place.
 G = Mean time per level.
                   A        B        C        D        E       F      G
               +--------+--------+--------+--------+--------+-----+--------+
         Total |    188 |    151 |     37 |      0 |     87 |   2 |   94.0 |
       Dungeon |    188 |    151 |     37 |      0 |     87 |   2 |   94.0 |
               +--------+--------+--------+--------+--------+-----+--------+

Top non-repeatable levels by time:
     D:4: 112 daAuts
     D:5: 76 daAuts
